 Dungeon Crawl Stone Soup version 0.31-a0-4-gefa6de2278 (webtiles) character file.

Game seed: 6898140240424432366

53 Pimp the Ruffian (level 3, 0/29 HPs)
             Began as a Draconian Transmuter on May 4, 2023.
             Slain by Robin
             ... wielding a +9 club
              (12 damage)
             ... on level 2 of the Dungeon.
             The game lasted 00:04:54 (1046 turns).

Pimp the Ruffian (Draconian Transmuter)             Turns: 1046, Time: 00:04:54

Health: 0/29       AC:  5    Str: 12    XL:     3   Next: 64%
Magic:  5/6        EV: 12    Int: 15    God:
Gold:   69         SH:  0    Dex: 11    Spells: 5/6 levels left

rFire   . .          .
                       - Unarmed
rCold   . . .        (no shield)
rNeg    . . .        (body armour unavailable)
rPois   .            (helmet currently unavailable)
rElec   .            (no cloak)
rCorr   .            (no gloves)
SInv    .            (boots currently unavailable)
Will    .....        (no amulet)
Stlth   +            (no ring)
HPRegen 0.24/turn    (no ring)
MPRegen 0.10/turn

%: no passive effects
@: appendages
A: horns 2, talons 2, AC +5, unfitting armour, cold-blooded
a: End Transformation


You were on level 2 of the Dungeon.
You had temporarily grown beastly horns and talons.
You visited 1 branch of the dungeon, and saw 2 of its levels.

You collected 69 gold pieces.

Inventory:

Hand Weapons
 g - a +0 dagger of venom
Missiles
 e - 5 poisoned darts
Scrolls
 d - 2 scrolls of identify {unknown}
Potions
 a - a potion of lignification
 b - a potion of curing
 f - a potion of resistance {unknown}


   Skills:
 + Level 2.0 Fighting
 + Level 2.2 Dodging
 + Level 3.3 Unarmed Combat
 + Level 2.4 Spellcasting
 + Level 2.5 Transmutations


You had 5 spell levels left.
You knew the following spells:

 Your Spells              Type           Power      Damage    Failure   Level
a - Beastly Appendage     Tmut           18%        N/A       8%          1

Your spell library contained the following spells:

 Spells                   Type           Power      Damage    Failure   Level
 Wereblood                Tmut           9%         N/A       12%         2
 Spider Form              Tmut/Pois      5%         N/A       36%         3
 Ice Form                 Ice/Tmut       5%         N/A       77%         4


Dungeon Overview and Level Annotations

Branches:
Dungeon (2/15)

Altars:

Annotations:
D:2 Robin


Innate Abilities, Weirdness & Mutations

You have temporarily grown beastly horns and talons.
Your plain brown scales are hard. (AC +5)
You cannot fit into any form of body armour.
You are cold-blooded and may be slowed by cold attacks.


Message History

You hear a shout! x5
The bat barely misses you.
Robin roars a battlecry!
As you read the scroll labelled XANYS JYLLOUCI, it crumbles to dust.
The scroll dissolves into smoke.
It was a scroll of fog.
The bat hits you but does no damage. The bat hits you but does no damage.
You hit the bat.
You kill the bat!
Robin roars a battlecry!
Robin hits you with a +9 club!
Items here: ))))) ††††††††.
You hit Robin.
Robin is lightly wounded.
Robin hits you with a +9 club.
* * * LOW HITPOINT WARNING * * *
A goblin comes into view. It is wielding a +0 whip.
You hit Robin.
Robin is moderately wounded.
Robin throws the goblin at you!
As you read the scroll labelled BETHOTR VOKEMA, it crumbles to dust.
Your body is wracked with pain!
* * * LOW HITPOINT WARNING * * *
The goblin convulses!
Robin convulses!
It was a scroll of torment.
Robin misses you.
A hobgoblin comes into view.
The goblin misses you.
It was a potion of curing.
You feel better.
Robin's horned helmet rattles.
Robin hits you with a +9 club.
* * * LOW HITPOINT WARNING * * *
The goblin closely misses you.
Really quaff the potion of lignification?
Okay, then.
You feel better. The goblin completely misses you. Robin barely misses you.
Casting: Beastly Appendage (safe; 8% risk of failure)
Confirm with . or Enter, or press ? or * to list all spells.
You grow a pair of large bovine horns.
Your feet morph into talons.
Robin hits you with a +9 club!
You die...

##### .....#
#.....#########
.....§§........
#.....§g§§.......# #g#
#.## #@# #.. #g## #[.
#§§## ..#.#
#§§§#...##.#
#......###.#
#####.##..###..#####
#.....######.......#
#.#..[...†....####.###
......................#


You could see Robin, a hobgoblin (strong) and a goblin (strong).

Vanquished Creatures
  A worm (D:2)
  2 dart slugs
  8 endoplasms
  A giant cockroach (D:1)
  3 hobgoblins
  3 jackals (D:2)
  A quokka (D:1)
  4 ball pythons
  4 bats
  2 frilled lizards
  4 goblins (D:2)
  6 kobolds
  2 rats
41 creatures vanquished.

Notes
Turn   | Place    | Note
-------+----------+-------------------------------------------
     0 | D:1      | Pimp the Draconian Transmuter began the quest for the Orb.
     0 | D:1      | Reached XP level 1. HP: 16/16 MP: 3/3
   205 | D:1      | Reached XP level 2. HP: 19/23 MP: 3/5
   829 | D:2      | Reached XP level 3. HP: 29/29 MP: 6/6
  1029 | D:2      | Noticed Robin
  1046 | D:2      | Slain by Robin

Illustrated notes

Levels and vault maps discovered:
D:1:      lightli_molten_gateway, layout_basic, minmay_tall_x
D:2:      layout_loops_ring, chequers_ecumenical_altar_island, minmay_cupped,
          uniq_crazy_yiuf_cottage, uniq_robin

Skill      XL: |  1  2  3 |
---------------+----------+-----
Dodging        | 2 |  2.2
Fighting       | 2 |  2.0
Unarmed Combat | |  3.3
Spellcasting   | |  2.4
Transmutations | |  2.5

Action                     || total
---------------------------++-------
  Melee: Unarmed           ||   127
         Kick              ||    18
         Headbutt          ||    12
         Tailslap          ||     9
         Punch             ||     3
   Cast: Beastly Appendage ||    17
    Use: Scroll            ||     3
         Potion            ||     2
   Stab: Sleeping          ||     1
 Armour: Skin              ||    79
  Dodge: Dodged            ||   158

Table legend: (Time is in decaauts)
 A = Elapsed time spent in this place.
 B = Non-inter-level travel time spent in this place.
 C = Inter-level travel time spent in this place.
 D = Time resting spent in this place.
 E = Time spent auto-exploring this place.
 F = Levels seen in this place.
 G = Mean time per level.
                   A        B        C        D        E       F      G
               +--------+--------+--------+--------+--------+-----+--------+
         Total |   1039 |    977 |     62 |     14 |    647 |   2 |  519.5 |
       Dungeon |   1039 |    977 |     62 |     14 |    647 |   2 |  519.5 |
               +--------+--------+--------+--------+--------+-----+--------+

Top non-repeatable levels by time:
     D:1: 823 daAuts
     D:2: 216 daAuts
